 Dungeon Crawl Stone Soup version 0.22.1-1-ga44c0e5 (webtiles) character file.

5338 imbaray the Grappler (level 10, -29/102 HPs)
             Began as a Troll Monk on Oct 13, 2018.
             Was an Elder of Makhleb.
             Annihilated by a very large slime creature (32 damage)
             ... on level 8 of the Dungeon.
             The game lasted 00:14:58 (6461 turns).

imbaray the Grappler (Troll Monk)                   Turns: 6461, Time: 00:14:59

Health: -29/102    AC:  7    Str: 21    XL:     10   Next: 38%
Magic:  9/9        EV: 14    Int:  6    God:    Makhleb [****..]
Gold:   59         SH:  2    Dex: 15    Spells: 9/9 levels left

rFire    . . .     SeeInvis .     - Unarmed
rCold    + . .     Gourm    +   (no shield)
rNeg     + . .     Faith    .   n - +0 robe
rPois    .         Spirit   .   (helmet restricted)
rElec    .         Reflect  +   i - +1 cloak
rCorr    .         Harm     .   (gloves unavailable)
MR       .....                  (boots unavailable)
Stlth    ++........             o - +2 amulet of reflection
HPRegen  0.67/turn              x - ring of positive energy
MPRegen  0.11/turn              q - ring of protection from cold

@: no status effects
A: large, unfitting armour, claws 3, fast metabolism 3, gourmand, regeneration
1, shaggy fur 1, tough skin 2
a: Minor Destruction, Lesser Servant of Makhleb, Major Destruction, Renounce
Religion


You were on level 8 of the Dungeon.
You worshipped Makhleb.
Makhleb was greatly pleased with you.
You were very full.

You visited 1 branch of the dungeon, and saw 8 of its levels.

You collected 59 gold pieces.

Inventory:

Armour
 i - a +1 cloak (worn)
 n - a +0 robe (worn)
Jewellery
 o - a +2 amulet of reflection (around neck)
 q - a ring of protection from cold (right claw)
 r - an uncursed amulet of regeneration
 x - a ring of positive energy (left claw)
Wands
 s - a wand of random effects (27)
 v - a wand of scattershot (7)
 y - a wand of paralysis (13)
Scrolls
 c - 3 scrolls of remove curse
 g - 3 scrolls of teleportation
 w - a scroll of blinking
Potions
 d - 2 potions of curing
 e - 3 potions of magic
 f - a potion of heal wounds
 h - a potion of ambrosia
 j - 2 potions of flight
 k - a potion of agility
 t - a potion of mutation {unknown}
 u - a potion of lignification {unknown}
Comestibles
 b - 24 rations


   Skills:
 + Level 7.0 Fighting
 + Level 6.9 Dodging
 - Level 1.0 Stealth
 * Level 11.3 Unarmed Combat


You had 9 spell levels left.
You didn't know any spells.
Your spell library contained the following spells:

 Spells                   Type           Power        Failure   Level  Hunger
 Animate Skeleton         Necr           N/A          45%         1    ##.....
 Apportation              Tloc           #.....       45%         1    ##.....
 Confusing Touch          Hex            #.....       45%         1    ##.....
 Summon Small Mammal      Summ           #...         45%         1    ##.....


Dungeon Overview and Level Annotations

Branches:
Dungeon (8/15)             Temple (0/1) D:7            Lair (0/6) D:8

Altars:
Ashenzari
Elyvilon
Kikubaaqudgha
Makhleb
Nemelex Xobeh
Uskayaw
Vehumet
Wu Jian
Yredelemnul

Shops:
D:4 ?

Annotations:
D:8 Maurice


Innate Abilities, Weirdness & Mutations

You are too large for most types of armour.
You have claws for hands.
Your metabolism is lightning-fast.
You like to eat raw meat.
Your natural rate of healing is unusually fast.
You are covered in fur. (AC +1)
You have very tough skin. (AC +2)


Message History

You kill the jelly!
Makhleb accepts your kill.
You scratch the very large slime creature but do no damage.
The very large slime creature hits you!!!
Ouch! That really hurt!
You scratch the very large slime creature.
The very large slime creature is lightly wounded.
The very large slime creature misses you.
You scratch the very large slime creature.
You claw the very large slime creature!!
The very large slime creature is lightly wounded.
The jelly jiggles.
The very large slime creature hits you!!!
* * * LOW HITPOINT WARNING * * *
You scratch the very large slime creature but do no damage.
The very large slime creature is lightly wounded.
You claw the very large slime creature!
The very large slime creature is moderately wounded.
The very large slime creature hits you!!
You die...

....#.# #.##.### ....#.## #.##.#
....#..# #..#.# #...##.# ##.#.#
#...##.######### #...#
#...##.##..÷÷.÷########## ##..###
#...##.##......J##[.....####..(..
#...##.##...÷@.#J#.......##(..###
######.##..J.JJ#@#.......)(...#
#.##.JJJJ.#.#.......))...###
######.##.J.J..#)#'#......'...#..
....##.##..J.÷.#.#.#..)..##...#.#
..#.##.##.....÷#.#.#....###..##.#
#.#.##.##%.....##.#########.....#
#.#)##)###################...####
#.#.##(#############.......#.#
..#.).........>......#######.#


You could see a very large slime creature and a jelly.

Vanquished Creatures
  Harold (D:8)
  Pikel (D:5)
  Joseph (D:8)
  The ghost of ThePrince the Conjurer, a novice GnCj (D:4)
  A hippogriff (D:7)
  An orc warrior (D:6)
  Duvessa (D:4)
  3 ogres
  2 phantoms
  3 centaurs
  2 big kobolds (D:8)
  3 bullfrogs
  Dowan (D:4)
  A scorpion (D:8)
  7 killer bees
  6 wights (D:8)
  A howler monkey (D:4)
  5 crimson imps
  A quasit (D:6)
  A centaur zombie (D:8)
  2 hounds
  3 bullfrog skeletons
  3 jellies (D:8)
  5 orc priests
  A centaur skeleton (D:6)
  Jessica (D:2)
  2 iguanas (D:8)
  9 worker ants
  10 orc wizards
  A hound skeleton (D:4)
  A hound zombie (D:6)
  4 gnolls
  10 adders
  2 shadow imps (D:8)
  An ooze (D:8)
  2 adder skeletons
  2 worms
  2 dart slugs
  43 orcs
  A ball python (D:6)
  6 bats
  7 giant cockroaches
  4 goblins
  5 hobgoblins
  4 jackals
  14 kobolds
  6 quokkas
  9 rats
203 creatures vanquished.

Vanquished Creatures (others)
  8 fungi (D:8)
  10 toadstools (D:8)
18 creatures vanquished.

Grand Total: 221 creatures vanquished

Notes
Turn   | Place    | Note
-------+----------+-------------------------------------------
     0 | D:1      | imbaray the Troll Monk began the quest for the Orb.
     0 | D:1      | Reached XP level 1. HP: 22/22 MP: 0/0
   133 | D:1      | Reached XP level 2. HP: 29/29 MP: 1/1
   660 | D:1      | Reached XP level 3. HP: 36/36 MP: 2/2
  1329 | D:2      | Reached skill level 4 in Unarmed Combat
  1364 | D:1      | Reached XP level 4. HP: 25/44 MP: 3/3
  1426 | D:2      | Noticed Jessica
  1430 | D:2      | Killed Jessica
  1620 | D:2      | You fall through a shaft!
  1801 | D:3      | Reached XP level 5. HP: 53/53 MP: 4/4
  2137 | D:3      | Reached skill level 5 in Unarmed Combat
  2375 | D:3      | Found a burning altar of Makhleb.
  2375 | D:3      | Found a radiant altar of Vehumet.
  2383 | D:3      | Reached XP level 6. HP: 60/61 MP: 5/5
  2391 | D:3      | Became a worshipper of Makhleb the Destroyer
  2391 | D:3      | Reached * piety under Makhleb
  2391 | D:3      | Reached ** piety under Makhleb
  2429 | D:4      | Found a runed door.
  2429 | D:4      | Noticed ThePrince's ghost (novice GnCj)
  2455 | D:4      | Found Sumuis's Magic Scroll Shop.
  2804 | D:4      | Found a shattered altar of Ashenzari.
  2818 | D:4      | Reached skill level 6 in Unarmed Combat
  2818 | D:4      | Reached XP level 7. HP: 68/68 MP: 6/6
  2902 | D:4      | Noticed Dowan
  2903 | D:4      | Noticed Duvessa
  2920 | D:4      | Killed Duvessa
  2926 | D:4      | Killed Dowan
  3228 | D:4      | Killed ThePrince's ghost
  3228 | D:4      | Reached skill level 7 in Unarmed Combat
  3228 | D:4      | Reached XP level 8. HP: 72/79 MP: 7/7
  3241 | D:5      | Entered Level 5 of the Dungeon
  3396 | D:5      | Found a hide-covered altar of Uskayaw.
  3674 | D:5      | Reached skill level 5 in Fighting
  3674 | D:5      | Reached skill level 8 in Unarmed Combat
  3718 | D:5      | Noticed Pikel
  3728 | D:5      | Killed Pikel
  3728 | D:5      | Reached skill level 5 in Dodging
  4057 | D:6      | Reached XP level 9. HP: 84/88 MP: 8/8
  4062 | D:6      | Reached skill level 9 in Unarmed Combat
  4226 | D:6      | Reached *** piety under Makhleb
  4552 | D:6      | Found an ornate altar of the Wu Jian Council.
  4552 | D:6      | Found a basalt altar of Yredelemnul.
  4554 | D:6      | Found an ancient bone altar of Kikubaaqudgha.
  4554 | D:6      | Found a white marble altar of Elyvilon.
  4554 | D:6      | Found a shattered altar of Ashenzari.
  4837 | D:7      | Found a staircase to the Ecumenical Temple.
  4959 | D:7      | Found a flagged portal.
  4986 | D:7      | Reached skill level 10 in Unarmed Combat
  5360 | D:7      | Found a sparkling altar of Nemelex Xobeh.
  5593 | D:8      | Noticed Maurice
  5762 | D:8      | Found a staircase to the Lair.
  5824 | D:8      | Reached **** piety under Makhleb
  6080 | D:8      | Noticed Harold
  6081 | D:8      | Reached XP level 10. HP: 97/100 MP: 9/9
  6098 | D:8      | Killed Harold
  6104 | D:8      | Reached skill level 11 in Unarmed Combat
  6328 | D:8      | Noticed Joseph
  6339 | D:8      | Killed Joseph
  6459 | D:8      | HP: 2/102 [very large slime creature (45)]
  6461 | D:8      | Annihilated by a very large slime creature

Skill      XL: |  1  2  3  4  5  6  7  8  9 10 |
---------------+-------------------------------+-----
Unarmed Combat | 4 5 6 7 8 10 11 | 11.3
Fighting       | 3 4 5 6 7 |  7.0
Dodging        | 3 4 5 6 |  6.9
Stealth        | |  1.0

Action                   |  1- 3 |  4- 6 |  7- 9 | 10-12 || total
-------------------------+-------+-------+-------+-------++-------
Melee: Unarmed           |    88 |   148 |   294 |    70 ||   600
       Punch             |     1 |     5 |     9 |     4 ||    19
  Use: Scroll            |       |       |    14 |     3 ||    17
       Potion            |       |       |     2 |     1 ||     3
 Stab: Sleeping          |     5 |     2 |     2 |       ||     9
  Eat: Chunk             |    18 |    13 |    30 |     2 ||    63
Armor: Robe              |    27 |    40 |    85 |    11 ||   163
Dodge: Dodged            |    58 |    80 |   159 |    32 ||   329
